[ AOE2 MATCH · #464945831 ]
UnrankedEthiopians vs Dravidians
[ REPLAY ANALYSIS · EXTRACTED FROM THE RECORDED GAME ]
Feudal
9:13
Castle
—
Imperial
—
| APM avg | 53.3 |
| APM peak | 93 |
| eAPM avg | 15.5 |
| Villagers / military | 30 / 26 |
Focus
⚔️ 29.5% · 🌾 70.5%
Archer ×26
Feudal
10:16
Castle
—
Imperial
—
| APM avg | 67.9 |
| APM peak | 108 |
| eAPM avg | 25.9 |
| Villagers / military | 36 / 25 |
Focus
⚔️ 52.0% · 🌾 48.0%
Archer ×15 · Spearman ×6 · Fishing Ship ×5 · Militia ×3 · Skirmisher ×1
Feudal
10:16
Castle
—
Imperial
—
| APM avg | 42.3 |
| APM peak | 70 |
| eAPM avg | 18.0 |
| Villagers / military | 31 / 19 |
Focus
⚔️ 42.4% · 🌾 57.6%
Archer ×18 · Fishing Ship ×3 · Spearman ×1
Feudal
9:52
Castle
16:42
Imperial
—
| APM avg | 60.8 |
| APM peak | 96 |
| eAPM avg | 26.9 |
| Villagers / military | 41 / 2 |
Focus
⚔️ 64.7% · 🌾 35.3%
Fishing Ship ×10 · Unknown (2626) ×4 · Spearman ×2
Feudal
10:06
Castle
—
Imperial
—
| APM avg | 51.3 |
| APM peak | 84 |
| eAPM avg | 16.1 |
| Villagers / military | 37 / 13 |
Focus
⚔️ 29.8% · 🌾 70.2%
Archer ×9 · Skirmisher ×3 · Fishing Ship ×2 · Spearman ×1
Feudal
9:13
Castle
—
Imperial
—
| APM avg | 47.6 |
| APM peak | 80 |
| eAPM avg | 17.9 |
| Villagers / military | 37 / 17 |
Focus
⚔️ 15.9% · 🌾 84.1%
Scout Cavalry ×14 · Fishing Ship ×9 · Fire Galley ×3
Feudal
10:43
Castle
—
Imperial
—
| APM avg | 44.8 |
| APM peak | 73 |
| eAPM avg | 18.6 |
| Villagers / military | 30 / 9 |
Focus
⚔️ 36.9% · 🌾 63.1%
Archer ×8 · Fishing Ship ×4 · Spearman ×1
Feudal
11:10
Castle
—
Imperial
—
| APM avg | 61.9 |
| APM peak | 111 |
| eAPM avg | 18.3 |
| Villagers / military | 53 / 15 |
Focus
⚔️ 22.0% · 🌾 78.0%
Scout Cavalry ×15 · Fishing Ship ×4
Match map
Initial resources + every placement click. Lines = walls · curves = elevation contours. ◆ gold · ⬟ stone · ● berries · ✦ relic · ◌ wall gap
Your base· Open — unwalled flank
DS_Moai's base· Open — unwalled flank
Xololo's base· Open — unwalled flank
DS_TheHeartless's base· Open — 12t gap
number5's base· Open — unwalled flank
holagame's base· Open — unwalled flank
Obuk's base· Open — unwalled flank
MacesB's base· Open — unwalled flank
Smoothed initial terrain · ◌ = detected wall gap · hover for details
Inputs per minute
— Euromillions - - DS_Moai
Build order — Euromillions
92 actions detected in the replay
| 0:01 | Queue | Villager (Male) |
| 0:02 | Build | House |
| 0:04 | Build | House |
| 0:13 | Queue | Villager (Male) |
| 0:14 | Queue | Villager (Male) |
| 0:31 | Queue | Villager (Male) |
| 1:28 | Queue | Villager (Male) |
| 1:53 | Build | Lumber Camp |
| 1:59 | Queue | Villager (Male) |
| 2:34 | Queue | Villager (Male) |
| 2:57 | Queue | Villager (Male) |
| 3:25 | Queue | Villager (Male) |
| 3:49 | Queue | Villager (Male) |
| 3:55 | Build | House |
| 4:15 | Queue | Villager (Male) |
| 4:15 | Queue | Villager (Male) |
| 4:41 | Queue | Villager (Male) |
| 4:41 | Queue | Villager (Male) |
| 4:42 | Queue | Villager (Male) |
| 5:36 | Queue | Villager (Male) |
| 5:36 | Queue | Villager (Male) |
| 5:49 | Build | Mining Camp |
| 5:59 | Research | Loom |
| 7:03 | Research | Feudal Age |
| 7:03 | Research | Feudal Age |
| 7:37 | Build | Barracks |
| 7:46 | Build | Palisade Wall |
| 8:39 | Build | Palisade Wall |
| 8:49 | Build | House |
| 9:05 | Queue | Villager (Male) |
| 9:06 | Queue | Villager (Male) |
| 9:13 | Age | Feudal Age |
| 9:15 | Queue | Villager (Male) |
| 9:19 | Build | Archery Range |
| 9:22 | Build | Archery Range |
| 9:30 | Research | Double-Bit Axe |
| 9:31 | Queue | Villager (Male) |
| 9:49 | Build | House |
| 10:25 | Queue | Archer |
| 10:26 | Queue | Archer |
| 10:30 | Build | Blacksmith |
| 10:34 | Build | Palisade Wall |
| 10:37 | Build | Palisade Wall |
| 10:42 | Queue | Archer |
| 10:42 | Queue | Archer |
| 10:48 | Queue | Villager (Male) |
| 11:20 | Queue | Archer |
| 11:22 | Queue | Archer |
| 11:24 | Queue | Villager (Male) |
| 11:34 | Build | Palisade Gate |
| 11:56 | Build | House |
| 12:21 | Build | House |
| 12:23 | Research | Fletching |
| 12:23 | Research | Fletching |
| 12:37 | Queue | Archer |
| 12:37 | Queue | Archer |
| 12:37 | Queue | Archer |
| 13:07 | Queue | Archer |
| 13:08 | Queue | Archer |
| 13:08 | Queue | Archer |
| 13:12 | Build | Mill |
| 13:25 | Build | House |
| 13:26 | Build | House |
| 13:27 | Queue | Villager (Male) |
| 14:19 | Queue | Archer |
| 14:19 | Queue | Archer |
| 14:19 | Queue | Archer |
| 14:23 | Build | Farm |
| 14:52 | Queue | Villager (Male) |
| 14:52 | Queue | Villager (Male) |
| 14:54 | Queue | Archer |
| 14:55 | Queue | Archer |
| 15:14 | Build | Lumber Camp |
| 15:16 | Queue | Villager (Male) |
| 15:44 | Queue | Archer |
| 15:44 | Queue | Archer |
| 15:44 | Queue | Archer |
| 15:45 | Queue | Archer |
| 15:47 | Build | House |
| 15:47 | Queue | Villager (Male) |
| 15:50 | Build | Farm |
| 15:50 | Build | Farm |
| 16:13 | Queue | Villager (Male) |
| 16:15 | Queue | Archer |
| 16:15 | Queue | Archer |
| 16:33 | Build | Farm |
| 16:34 | Build | Farm |
| 17:09 | Build | Farm |
| 17:09 | Queue | Villager (Male) |
| 17:12 | Queue | Archer |
| 17:12 | Queue | Archer |
| 17:12 | Queue | Archer |
Build order — DS_Moai
98 actions detected in the replay
| 0:02 | Queue | Villager (Male) |
| 0:02 | Queue | Villager (Male) |
| 0:03 | Build | House |
| 0:04 | Build | House |
| 0:12 | Queue | Villager (Male) |
| 0:12 | Queue | Villager (Male) |
| 0:13 | Queue | Villager (Male) |
| 1:31 | Queue | Villager (Male) |
| 1:31 | Queue | Villager (Male) |
| 1:57 | Build | Lumber Camp |
| 2:03 | Queue | Villager (Male) |
| 2:03 | Queue | Villager (Male) |
| 2:25 | Queue | Villager (Male) |
| 2:25 | Queue | Villager (Male) |
| 2:53 | Queue | Villager (Male) |
| 2:53 | Queue | Villager (Male) |
| 3:14 | Queue | Villager (Male) |
| 3:43 | Queue | Villager (Male) |
| 3:51 | Build | Dock |
| 4:09 | Queue | Villager (Male) |
| 4:23 | Queue | Villager (Male) |
| 4:51 | Queue | Villager (Male) |
| 4:52 | Queue | Fishing Ship |
| 5:11 | Build | House |
| 5:28 | Queue | Villager (Male) |
| 5:34 | Queue | Fishing Ship |
| 5:50 | Queue | Villager (Male) |
| 6:04 | Build | House |
| 6:13 | Queue | Villager (Male) |
| 6:29 | Queue | Fishing Ship |
| 6:44 | Queue | Villager (Male) |
| 7:14 | Queue | Villager (Male) |
| 7:22 | Build | House |
| 7:24 | Research | Loom |
| 8:01 | Research | Feudal Age |
| 8:08 | Build | Palisade Wall |
| 8:42 | Build | Barracks |
| 9:30 | Build | Dock |
| 9:34 | Queue | Militia |
| 9:37 | Build | Mining Camp |
| 9:50 | Queue | Militia |
| 10:10 | Queue | Villager (Male) |
| 10:15 | Queue | Militia |
| 10:16 | Age | Feudal Age |
| 10:19 | Build | House |
| 10:26 | Build | Archery Range |
| 10:27 | Research | Man-at-Arms (upgrade) |
| 10:37 | Queue | Villager (Male) |
| 10:48 | Build | Blacksmith |
| 11:01 | Queue | Villager (Male) |
| 11:24 | Queue | Archer |
| 11:30 | Queue | Villager (Male) |
| 11:40 | Build | Archery Range |
| 11:52 | Queue | Villager (Male) |
| 11:56 | Queue | Spearman |
| 11:59 | Build | Palisade Wall |
| 12:10 | Research | Fletching |
| 12:30 | Build | Lumber Camp |
| 12:36 | Queue | Archer |
| 12:42 | Queue | Villager (Male) |
| 12:49 | Build | Palisade Wall |
| 12:51 | Queue | Archer |
| 13:01 | Queue | Villager (Male) |
| 13:10 | Queue | Archer |
| 13:18 | Queue | Archer |
| 13:20 | Queue | Spearman |
| 13:28 | Build | Palisade Wall |
| 13:37 | Queue | Villager (Male) |
| 13:39 | Build | House |
| 13:48 | Queue | Archer |
| 13:58 | Queue | Archer |
| 14:16 | Queue | Archer |
| 14:18 | Queue | Villager (Male) |
| 14:32 | Queue | Archer |
| 14:33 | Queue | Villager (Male) |
| 14:34 | Build | House |
| 14:51 | Queue | Archer |
| 14:56 | Build | Mill |
| 15:02 | Queue | Archer |
| 15:06 | Queue | Villager (Male) |
| 15:24 | Build | Palisade Wall |
| 15:27 | Queue | Spearman |
| 15:32 | Queue | Villager (Male) |
| 15:34 | Build | House |
| 15:42 | Queue | Archer |
| 15:48 | Queue | Spearman |
| 15:58 | Queue | Spearman |
| 16:11 | Queue | Fishing Ship |
| 16:11 | Queue | Fishing Ship |
| 16:19 | Queue | Archer |
| 16:38 | Queue | Skirmisher |
| 16:41 | Queue | Spearman |
| 16:46 | Queue | Villager (Male) |
| 16:49 | Build | Farm |
| 16:58 | Queue | Archer |
| 17:02 | Build | Archery Range |
| 17:16 | Build | Palisade Wall |
| 17:19 | Queue | Archer |
Build order — Xololo
85 actions detected in the replay
| 0:01 | Queue | Villager (Male) |
| 0:01 | Queue | Villager (Male) |
| 0:01 | Queue | Villager (Male) |
| 0:03 | Build | House |
| 0:04 | Build | House |
| 0:44 | Queue | Villager (Male) |
| 1:38 | Queue | Villager (Male) |
| 2:01 | Queue | Villager (Male) |
| 2:02 | Queue | Villager (Male) |
| 2:37 | Queue | Villager (Male) |
| 2:51 | Build | Lumber Camp |
| 2:56 | Queue | Villager (Male) |
| 3:06 | Queue | Villager (Male) |
| 3:17 | Research | Loom |
| 3:54 | Build | House |
| 4:03 | Queue | Villager (Male) |
| 4:04 | Queue | Villager (Male) |
| 4:04 | Queue | Villager (Male) |
| 4:04 | Queue | Villager (Male) |
| 4:31 | Build | Palisade Wall |
| 4:33 | Build | Palisade Wall |
| 4:35 | Build | Palisade Wall |
| 4:41 | Queue | Villager (Male) |
| 5:07 | Build | Dock |
| 5:21 | Queue | Villager (Male) |
| 5:53 | Queue | Villager (Male) |
| 6:13 | Queue | Fishing Ship |
| 6:19 | Build | House |
| 6:21 | Build | Palisade Wall |
| 6:45 | Queue | Villager (Male) |
| 6:47 | Queue | Fishing Ship |
| 7:14 | Queue | Villager (Male) |
| 8:06 | Research | Feudal Age |
| 8:15 | Build | Mining Camp |
| 9:27 | Build | Barracks |
| 9:34 | Build | House |
| 9:57 | Build | House |
| 10:07 | Queue | Villager (Male) |
| 10:16 | Age | Feudal Age |
| 10:26 | Build | Archery Range |
| 10:31 | Queue | Villager (Male) |
| 10:33 | Research | Double-Bit Axe |
| 10:49 | Build | Archery Range |
| 11:11 | Queue | Spearman |
| 11:25 | Queue | Villager (Male) |
| 11:26 | Queue | Villager (Male) |
| 11:38 | Queue | Archer |
| 11:38 | Queue | Archer |
| 11:56 | Queue | Villager (Male) |
| 12:01 | Build | Palisade Wall |
| 12:20 | Queue | Villager (Male) |
| 12:23 | Build | Blacksmith |
| 12:28 | Queue | Villager (Male) |
| 12:38 | Queue | Villager (Male) |
| 12:39 | Queue | Villager (Male) |
| 12:45 | Build | Palisade Wall |
| 12:49 | Build | Watch Tower |
| 13:36 | Queue | Villager (Male) |
| 13:44 | Queue | Archer |
| 13:44 | Queue | Archer |
| 13:51 | Build | House |
| 14:05 | Queue | Archer |
| 14:05 | Queue | Archer |
| 14:09 | Research | Fletching |
| 14:26 | Build | House |
| 14:40 | Build | Mining Camp |
| 14:47 | Queue | Archer |
| 14:47 | Queue | Archer |
| 15:03 | Research | Padded Archer Armor |
| 15:05 | Queue | Archer |
| 15:05 | Queue | Archer |
| 15:22 | Build | Lumber Camp |
| 15:24 | Queue | Archer |
| 15:24 | Queue | Archer |
| 15:43 | Queue | Archer |
| 15:45 | Queue | Villager (Male) |
| 15:52 | Queue | Villager (Male) |
| 15:53 | Queue | Archer |
| 15:53 | Queue | Archer |
| 16:22 | Build | Dock |
| 16:28 | Queue | Fishing Ship |
| 16:31 | Queue | Archer |
| 16:40 | Build | Mill |
| 16:43 | Queue | Archer |
| 16:43 | Queue | Archer |
Build order — DS_TheHeartless
81 actions detected in the replay
| 0:01 | Queue | Villager (Male) |
| 0:02 | Build | House |
| 0:04 | Build | House |
| 0:12 | Queue | Villager (Male) |
| 0:12 | Queue | Villager (Male) |
| 0:19 | Queue | Villager (Male) |
| 1:34 | Queue | Villager (Male) |
| 2:03 | Queue | Villager (Male) |
| 2:03 | Queue | Villager (Male) |
| 2:27 | Queue | Villager (Male) |
| 2:58 | Queue | Villager (Male) |
| 3:12 | Build | Dock |
| 3:21 | Queue | Villager (Male) |
| 3:29 | Build | House |
| 3:49 | Queue | Villager (Male) |
| 4:08 | Queue | Fishing Ship |
| 4:19 | Queue | Villager (Male) |
| 4:39 | Queue | Fishing Ship |
| 4:45 | Queue | Villager (Male) |
| 5:04 | Queue | Villager (Male) |
| 5:24 | Queue | Villager (Male) |
| 5:39 | Queue | Fishing Ship |
| 5:56 | Queue | Villager (Male) |
| 6:15 | Queue | Fishing Ship |
| 6:27 | Queue | Villager (Male) |
| 6:36 | Build | House |
| 6:39 | Queue | Villager (Male) |
| 6:47 | Queue | Villager (Male) |
| 7:09 | Queue | Fishing Ship |
| 7:13 | Queue | Villager (Male) |
| 7:19 | Queue | Villager (Male) |
| 7:37 | Research | Feudal Age |
| 8:26 | Queue | Fishing Ship |
| 8:45 | Build | Dock |
| 8:55 | Build | Mule Cart |
| 9:07 | Queue | Villager (Male) |
| 9:28 | Queue | Villager (Male) |
| 9:52 | Age | Feudal Age |
| 9:54 | Queue | Unit 2626 |
| 9:54 | Queue | Unit 2626 |
| 9:55 | Research | Double-Bit Axe |
| 10:08 | Queue | Villager (Male) |
| 10:19 | Queue | Villager (Male) |
| 10:27 | Queue | Unit 2626 |
| 10:35 | Build | Mill |
| 10:49 | Build | House |
| 11:13 | Queue | Villager (Male) |
| 11:18 | Queue | Villager (Male) |
| 11:28 | Queue | Villager (Male) |
| 11:31 | Queue | Villager (Male) |
| 11:40 | Queue | Villager (Male) |
| 11:43 | Queue | Villager (Male) |
| 12:01 | Build | Market |
| 12:02 | Queue | Villager (Male) |
| 12:04 | Build | Blacksmith |
| 12:13 | Queue | Villager (Male) |
| 12:20 | Queue | Unit 2626 |
| 12:27 | Build | Barracks |
| 12:32 | Queue | Villager (Male) |
| 12:40 | Queue | Villager (Male) |
| 12:50 | Build | House |
| 12:57 | Build | Mule Cart |
| 13:18 | Queue | Villager (Male) |
| 13:30 | Queue | Villager (Male) |
| 13:55 | Research | Castle Age |
| 13:55 | Research | Castle Age |
| 14:10 | Queue | Spearman |
| 14:25 | Build | House |
| 14:29 | Queue | Spearman |
| 14:35 | Queue | Fishing Ship |
| 14:36 | Queue | Fishing Ship |
| 14:46 | Build | House |
| 15:13 | Queue | Fishing Ship |
| 15:13 | Queue | Fishing Ship |
| 15:30 | Queue | Villager (Male) |
| 16:03 | Queue | Villager (Male) |
| 16:42 | Age | Castle Age |
| 16:49 | Build | Castle |
| 16:51 | Queue | Villager (Male) |
| 16:55 | Research | Bow Saw |
| 17:04 | Queue | Villager (Male) |
Build order — number5
82 actions detected in the replay
| 0:01 | Queue | Villager (Male) |
| 0:01 | Queue | Villager (Male) |
| 0:01 | Queue | Villager (Male) |
| 0:02 | Queue | Villager (Male) |
| 0:02 | Build | House |
| 0:04 | Build | House |
| 1:28 | Queue | Villager (Male) |
| 1:55 | Build | Lumber Camp |
| 1:58 | Queue | Villager (Male) |
| 1:59 | Queue | Villager (Male) |
| 2:21 | Queue | Villager (Male) |
| 2:21 | Queue | Villager (Male) |
| 2:42 | Queue | Villager (Male) |
| 2:43 | Queue | Villager (Male) |
| 3:09 | Queue | Villager (Male) |
| 3:28 | Queue | Villager (Male) |
| 3:29 | Queue | Villager (Male) |
| 3:45 | Queue | Villager (Male) |
| 3:59 | Build | House |
| 4:16 | Queue | Villager (Male) |
| 4:16 | Queue | Villager (Male) |
| 4:39 | Build | Dock |
| 4:47 | Queue | Villager (Male) |
| 5:06 | Queue | Villager (Male) |
| 5:54 | Queue | Villager (Male) |
| 5:56 | Queue | Fishing Ship |
| 5:59 | Queue | Villager (Male) |
| 6:36 | Queue | Villager (Male) |
| 6:47 | Build | Mill |
| 6:54 | Queue | Fishing Ship |
| 7:00 | Research | Loom |
| 7:00 | Research | Loom |
| 7:56 | Research | Feudal Age |
| 8:31 | Build | Mining Camp |
| 9:06 | Build | House |
| 9:25 | Build | House |
| 9:28 | Build | House |
| 9:30 | Build | Palisade Wall |
| 9:43 | Build | Barracks |
| 10:06 | Age | Feudal Age |
| 10:09 | Queue | Villager (Male) |
| 10:11 | Research | Double-Bit Axe |
| 10:21 | Queue | Spearman |
| 10:35 | Queue | Villager (Male) |
| 10:43 | Build | Archery Range |
| 10:56 | Build | House |
| 11:01 | Build | Stone Wall |
| 11:02 | Build | Stone Wall |
| 11:12 | Queue | Villager (Male) |
| 11:14 | Queue | Villager (Male) |
| 11:35 | Build | Palisade Wall |
| 11:43 | Queue | Archer |
| 11:52 | Queue | Archer |
| 11:58 | Build | Archery Range |
| 12:04 | Queue | Villager (Male) |
| 12:09 | Queue | Villager (Male) |
| 12:30 | Build | Palisade Gate |
| 12:35 | Queue | Archer |
| 12:42 | Build | Palisade Wall |
| 12:44 | Queue | Archer |
| 12:48 | Build | Blacksmith |
| 13:03 | Queue | Villager (Male) |
| 13:05 | Queue | Skirmisher |
| 13:28 | Queue | Archer |
| 13:40 | Queue | Archer |
| 13:41 | Queue | Villager (Male) |
| 14:24 | Queue | Villager (Male) |
| 14:25 | Queue | Villager (Male) |
| 14:43 | Build | Mining Camp |
| 14:54 | Research | Fletching |
| 14:55 | Queue | Villager (Male) |
| 15:08 | Queue | Archer |
| 15:26 | Build | House |
| 15:32 | Queue | Skirmisher |
| 15:43 | Queue | Skirmisher |
| 16:14 | Queue | Villager (Male) |
| 16:42 | Queue | Archer |
| 16:42 | Queue | Archer |
| 16:44 | Queue | Villager (Male) |
| 16:44 | Queue | Villager (Male) |
| 16:46 | Build | Lumber Camp |
| 16:51 | Queue | Villager (Male) |
Build order — holagame
108 actions detected in the replay
| 0:01 | Queue | Villager (Male) |
| 0:02 | Queue | Villager (Male) |
| 0:03 | Build | House |
| 0:04 | Build | House |
| 0:09 | Queue | Villager (Male) |
| 0:10 | Queue | Villager (Male) |
| 0:10 | Queue | Villager (Male) |
| 1:24 | Queue | Villager (Male) |
| 1:51 | Build | Lumber Camp |
| 1:59 | Queue | Villager (Male) |
| 2:16 | Queue | Villager (Male) |
| 2:48 | Queue | Villager (Male) |
| 2:48 | Queue | Villager (Male) |
| 3:01 | Queue | Villager (Male) |
| 3:01 | Queue | Villager (Male) |
| 3:32 | Build | Dock |
| 3:47 | Queue | Villager (Male) |
| 4:11 | Queue | Villager (Male) |
| 4:26 | Queue | Villager (Male) |
| 4:26 | Queue | Villager (Male) |
| 4:29 | Queue | Fishing Ship |
| 4:30 | Queue | Fishing Ship |
| 4:51 | Build | House |
| 5:21 | Queue | Villager (Male) |
| 5:40 | Queue | Fishing Ship |
| 5:43 | Queue | Villager (Male) |
| 6:06 | Queue | Villager (Male) |
| 6:44 | Research | Loom |
| 7:03 | Research | Feudal Age |
| 7:24 | Build | Barracks |
| 7:28 | Build | Palisade Wall |
| 7:42 | Queue | Villager (Male) |
| 7:45 | Queue | Fishing Ship |
| 7:46 | Queue | Fishing Ship |
| 7:57 | Build | House |
| 9:01 | Queue | Fishing Ship |
| 9:13 | Age | Feudal Age |
| 9:16 | Queue | Villager (Male) |
| 9:18 | Build | Stable |
| 9:19 | Research | Double-Bit Axe |
| 9:19 | Research | Double-Bit Axe |
| 9:30 | Build | Mill |
| 9:48 | Queue | Villager (Male) |
| 9:50 | Build | House |
| 10:02 | Queue | Scout Cavalry |
| 10:03 | Queue | Scout Cavalry |
| 10:10 | Queue | Villager (Male) |
| 10:16 | Build | House |
| 10:25 | Queue | Villager (Male) |
| 10:27 | Research | Horse Collar |
| 10:39 | Queue | Scout Cavalry |
| 10:40 | Queue | Scout Cavalry |
| 10:40 | Queue | Scout Cavalry |
| 10:40 | Queue | Scout Cavalry |
| 10:41 | Queue | Scout Cavalry |
| 10:45 | Build | House |
| 10:48 | Build | Farm |
| 10:55 | Build | Farm |
| 10:56 | Queue | Villager (Male) |
| 11:20 | Queue | Villager (Male) |
| 11:22 | Build | Farm |
| 11:37 | Queue | Villager (Male) |
| 11:39 | Build | Farm |
| 11:42 | Build | Farm |
| 11:49 | Queue | Villager (Male) |
| 11:51 | Build | Farm |
| 11:57 | Build | House |
| 11:58 | Build | House |
| 12:06 | Queue | Scout Cavalry |
| 12:07 | Queue | Villager (Male) |
| 12:09 | Build | Farm |
| 12:24 | Queue | Scout Cavalry |
| 12:28 | Build | Farm |
| 12:56 | Queue | Villager (Male) |
| 13:06 | Queue | Villager (Male) |
| 13:13 | Queue | Scout Cavalry |
| 13:15 | Build | Blacksmith |
| 13:23 | Queue | Villager (Male) |
| 13:31 | Build | Farm |
| 13:48 | Build | House |
| 13:52 | Queue | Scout Cavalry |
| 14:04 | Research | Wheelbarrow |
| 14:10 | Build | Mining Camp |
| 14:27 | Research | Scale Barding Armor |
| 14:27 | Research | Scale Barding Armor |
| 14:28 | Research | Forging |
| 14:28 | Research | Forging |
| 14:28 | Queue | Villager (Male) |
| 14:55 | Build | House |
| 14:58 | Build | Farm |
| 14:59 | Queue | Fire Galley |
| 15:17 | Build | Farm |
| 15:21 | Queue | Fire Galley |
| 15:21 | Queue | Fire Galley |
| 15:41 | Queue | Scout Cavalry |
| 15:42 | Queue | Scout Cavalry |
| 15:42 | Queue | Scout Cavalry |
| 15:50 | Queue | Villager (Male) |
| 15:50 | Queue | Villager (Male) |
| 16:17 | Build | House |
| 16:24 | Build | Stable |
| 16:42 | Queue | Villager (Male) |
| 16:44 | Queue | Villager (Male) |
| 16:47 | Build | Lumber Camp |
| 16:52 | Queue | Fishing Ship |
| 16:52 | Queue | Fishing Ship |
| 16:52 | Queue | Fishing Ship |
| 17:10 | Build | Farm |
Build order — Obuk
70 actions detected in the replay
| 0:01 | Queue | Villager (Male) |
| 0:01 | Queue | Villager (Male) |
| 0:02 | Build | House |
| 0:03 | Build | House |
| 0:13 | Queue | Villager (Male) |
| 0:13 | Queue | Villager (Male) |
| 1:32 | Queue | Villager (Male) |
| 1:32 | Queue | Villager (Male) |
| 2:02 | Queue | Villager (Male) |
| 2:17 | Queue | Villager (Male) |
| 3:03 | Queue | Villager (Male) |
| 3:16 | Queue | Villager (Male) |
| 3:16 | Queue | Villager (Male) |
| 3:47 | Build | Lumber Camp |
| 3:51 | Build | House |
| 3:57 | Queue | Villager (Male) |
| 3:57 | Queue | Villager (Male) |
| 3:57 | Queue | Villager (Male) |
| 4:21 | Queue | Villager (Male) |
| 4:21 | Queue | Villager (Male) |
| 4:51 | Queue | Villager (Male) |
| 5:20 | Queue | Villager (Male) |
| 5:38 | Queue | Villager (Male) |
| 5:53 | Build | Dock |
| 6:03 | Build | House |
| 6:24 | Queue | Villager (Male) |
| 6:32 | Queue | Fishing Ship |
| 6:39 | Queue | Fishing Ship |
| 6:55 | Queue | Villager (Male) |
| 7:17 | Queue | Fishing Ship |
| 7:24 | Queue | Villager (Male) |
| 7:48 | Build | Mill |
| 7:52 | Queue | Villager (Male) |
| 8:33 | Research | Feudal Age |
| 8:33 | Research | Feudal Age |
| 8:43 | Build | Mining Camp |
| 9:06 | Queue | Fishing Ship |
| 9:16 | Build | House |
| 9:30 | Research | Loom |
| 9:30 | Research | Loom |
| 10:02 | Build | Barracks |
| 10:05 | Build | Palisade Wall |
| 10:41 | Build | Palisade Wall |
| 10:43 | Age | Feudal Age |
| 10:52 | Queue | Villager (Male) |
| 11:01 | Queue | Spearman |
| 11:11 | Build | Archery Range |
| 11:20 | Research | Double-Bit Axe |
| 11:57 | Queue | Villager (Male) |
| 12:05 | Build | Archery Range |
| 12:06 | Queue | Archer |
| 12:12 | Build | Archery Range |
| 12:30 | Queue | Villager (Male) |
| 12:30 | Queue | Villager (Male) |
| 12:42 | Queue | Archer |
| 12:55 | Queue | Archer |
| 12:56 | Queue | Archer |
| 13:00 | Build | Blacksmith |
| 13:02 | Queue | Villager (Male) |
| 13:06 | Build | House |
| 13:12 | Queue | Archer |
| 13:27 | Build | Lumber Camp |
| 13:58 | Queue | Villager (Male) |
| 14:10 | Build | Watch Tower |
| 15:02 | Research | Fletching |
| 15:03 | Research | Fletching |
| 15:04 | Queue | Villager (Male) |
| 15:17 | Queue | Archer |
| 15:17 | Queue | Archer |
| 15:18 | Queue | Archer |
Build order — MacesB
116 actions detected in the replay
| 0:01 | Queue | Villager (Male) |
| 0:02 | Queue | Villager (Male) |
| 0:03 | Build | House |
| 0:04 | Build | House |
| 0:19 | Queue | Villager (Male) |
| 0:19 | Queue | Villager (Male) |
| 0:19 | Queue | Villager (Male) |
| 1:20 | Build | Lumber Camp |
| 1:38 | Queue | Villager (Male) |
| 1:38 | Queue | Villager (Male) |
| 1:38 | Queue | Villager (Male) |
| 2:00 | Queue | Villager (Male) |
| 2:00 | Queue | Villager (Male) |
| 2:33 | Queue | Villager (Male) |
| 2:34 | Queue | Villager (Male) |
| 2:34 | Queue | Villager (Male) |
| 2:56 | Queue | Villager (Male) |
| 2:57 | Queue | Villager (Male) |
| 3:20 | Queue | Villager (Male) |
| 3:21 | Queue | Villager (Male) |
| 3:46 | Queue | Villager (Male) |
| 3:46 | Queue | Villager (Male) |
| 3:57 | Build | House |
| 4:14 | Queue | Villager (Male) |
| 4:14 | Queue | Villager (Male) |
| 4:35 | Build | Dock |
| 4:37 | Queue | Villager (Male) |
| 4:38 | Queue | Villager (Male) |
| 4:58 | Queue | Villager (Male) |
| 4:58 | Queue | Villager (Male) |
| 5:21 | Build | Palisade Wall |
| 5:24 | Build | House |
| 5:35 | Queue | Villager (Male) |
| 5:36 | Queue | Villager (Male) |
| 5:36 | Queue | Villager (Male) |
| 6:11 | Queue | Fishing Ship |
| 6:11 | Queue | Fishing Ship |
| 6:14 | Build | House |
| 6:30 | Queue | Villager (Male) |
| 6:31 | Queue | Villager (Male) |
| 6:33 | Queue | Villager (Male) |
| 6:34 | Queue | Villager (Male) |
| 6:34 | Queue | Villager (Male) |
| 6:47 | Queue | Villager (Male) |
| 6:47 | Queue | Villager (Male) |
| 7:06 | Build | Mill |
| 7:23 | Queue | Villager (Male) |
| 7:23 | Queue | Villager (Male) |
| 7:28 | Queue | Villager (Male) |
| 7:28 | Queue | Villager (Male) |
| 7:56 | Queue | Fishing Ship |
| 8:03 | Queue | Villager (Male) |
| 8:28 | Research | Loom |
| 8:45 | Research | Feudal Age |
| 8:51 | Queue | Fishing Ship |
| 9:45 | Queue | Villager (Male) |
| 9:55 | Build | Barracks |
| 10:58 | Build | Palisade Wall |
| 11:00 | Build | Palisade Wall |
| 11:10 | Age | Feudal Age |
| 11:12 | Build | Stable |
| 11:16 | Research | Double-Bit Axe |
| 11:19 | Queue | Villager (Male) |
| 11:20 | Queue | Villager (Male) |
| 11:21 | Queue | Villager (Male) |
| 11:23 | Research | Horse Collar |
| 11:26 | Build | House |
| 11:29 | Build | House |
| 11:55 | Build | Farm |
| 11:58 | Queue | Villager (Male) |
| 12:03 | Queue | Scout Cavalry |
| 12:04 | Queue | Scout Cavalry |
| 12:19 | Queue | Villager (Male) |
| 12:26 | Build | House |
| 12:44 | Build | Stable |
| 12:55 | Queue | Scout Cavalry |
| 13:25 | Queue | Scout Cavalry |
| 13:30 | Queue | Scout Cavalry |
| 13:49 | Queue | Scout Cavalry |
| 13:51 | Queue | Scout Cavalry |
| 13:58 | Queue | Villager (Male) |
| 14:00 | Build | House |
| 14:01 | Build | House |
| 14:11 | Build | Blacksmith |
| 14:24 | Queue | Scout Cavalry |
| 14:25 | Queue | Villager (Male) |
| 14:26 | Queue | Villager (Male) |
| 14:29 | Build | Farm |
| 14:29 | Build | Farm |
| 14:29 | Build | Farm |
| 14:29 | Build | Farm |
| 14:29 | Build | Farm |
| 14:55 | Queue | Scout Cavalry |
| 14:55 | Queue | Scout Cavalry |
| 14:58 | Queue | Scout Cavalry |
| 15:02 | Build | House |
| 15:06 | Build | House |
| 15:07 | Build | House |
| 15:18 | Queue | Villager (Male) |
| 15:18 | Queue | Scout Cavalry |
| 15:20 | Build | Farm |
| 15:35 | Research | Forging |
| 15:42 | Queue | Scout Cavalry |
| 15:42 | Queue | Scout Cavalry |
| 15:46 | Queue | Villager (Male) |
| 15:48 | Build | House |
| 16:06 | Queue | Scout Cavalry |
| 16:26 | Queue | Villager (Male) |
| 16:29 | Build | Farm |
| 16:29 | Build | Farm |
| 16:29 | Build | Farm |
| 16:29 | Build | Farm |
| 16:30 | Build | Farm |
| 16:30 | Build | Farm |
| 16:50 | Queue | Villager (Male) |
| 16:52 | Build | House |
Match timeline
| 3:12 | DS_TheHeartless · first_building Dock |
| 3:32 | holagame · first_building Dock |
| 3:51 | DS_Moai · first_building Dock |
| 4:31 | Xololo · wall_segment Palisade Wall x1 |
| 4:33 | Xololo · wall_segment Palisade Wall x1 |
| 4:35 | MacesB · first_building Dock |
| 4:35 | Xololo · wall_segment Palisade Wall x1 |
| 4:39 | number5 · first_building Dock |
| 5:07 | Xololo · first_building Dock |
| 5:21 | MacesB · wall_segment Palisade Wall x1 |
| 5:53 | Obuk · first_building Dock |
| 6:21 | Xololo · wall_segment Palisade Wall x1 |
| 7:24 | holagame · first_building Barracks |
| 7:28 | holagame · wall_segment Palisade Wall x3 |
| 7:37 | Euromillions · first_building Barracks |
| 7:46 | Euromillions · wall_segment Palisade Wall x1 |
| 8:08 | DS_Moai · wall_segment Palisade Wall x5 |
| 8:39 | Euromillions · wall_segment Palisade Wall x7 |
| 8:42 | DS_Moai · first_building Barracks |
| 9:13 | Euromillions · age_up feudal |
| 9:13 | holagame · age_up feudal |
| 9:18 | holagame · first_building Stable |
| 9:19 | Euromillions · first_building Archery Range |
| 9:27 | Xololo · first_building Barracks |
| 9:30 | number5 · wall_segment Palisade Wall x1 |
| 9:43 | number5 · first_building Barracks |
| 9:52 | DS_TheHeartless · age_up feudal |
| 9:55 | MacesB · first_building Barracks |
| 10:02 | Obuk · first_building Barracks |
| 10:05 | Obuk · wall_segment Palisade Wall x1 |
| 10:06 | number5 · age_up feudal |
| 10:16 | Xololo · age_up feudal |
| 10:16 | DS_Moai · age_up feudal |
| 10:26 | DS_Moai · first_building Archery Range |
| 10:26 | Xololo · first_building Archery Range |
| 10:34 | Euromillions · wall_segment Palisade Wall x1 |
| 10:37 | Euromillions · wall_segment Palisade Wall x1 |
| 10:41 | Obuk · wall_segment Palisade Wall x1 |
| 10:43 | number5 · first_building Archery Range |
| 10:43 | Obuk · age_up feudal |
| 10:58 | MacesB · wall_segment Palisade Wall x1 |
| 11:00 | MacesB · wall_segment Palisade Wall x1 |
| 11:01 | number5 · wall_segment Stone Wall x1 |
| 11:02 | number5 · wall_segment Stone Wall x1 |
| 11:10 | MacesB · age_up feudal |
| 11:11 | Obuk · first_building Archery Range |
| 11:12 | MacesB · first_building Stable |
| 11:35 | number5 · wall_segment Palisade Wall x1 |
| 11:59 | DS_Moai · wall_segment Palisade Wall x1 |
| 12:01 | Xololo · wall_segment Palisade Wall x5 |
| 12:27 | DS_TheHeartless · first_building Barracks |
| 12:42 | number5 · wall_segment Palisade Wall x2 |
| 12:45 | Xololo · wall_segment Palisade Wall x8 |
| 12:49 | DS_Moai · wall_segment Palisade Wall x4 |
| 13:28 | DS_Moai · wall_segment Palisade Wall x6 |
| 13:49 | DS_TheHeartless · first_market_sell 100 wood |
| 13:50 | DS_TheHeartless · first_market_buy 100 food |
| 15:24 | DS_Moai · wall_segment Palisade Wall x10 |
| 16:42 | DS_TheHeartless · age_up castle |
| 16:49 | DS_TheHeartless · first_building Castle |
| 17:04 | MacesB · resign |
| 17:16 | DS_Moai · wall_segment Palisade Wall x12 |
[ AI ANALYSIS · 1 CREDIT ]
What really happened in this match?
Wolo.gg analyzes every decision: build order, eco, micro, common mistakes by bracket. Personalized analysis on WhatsApp or Discord in 30 seconds.
Civ guide
Ethiopians
Perfil
Jugador #280820